 Dungeon Crawl Stone Soup version 0.32-a0-612-g1c984fe9d1 (webtiles) character file.

Game seed: 7969319319536312796

12283 LobsterGuardian the Carver (level 11, -6/87 HPs)
             Began as a Coglin Berserker on Mar 5, 2024.
             Was an Elder of Trog.
             Mangled by a basilisk (10 damage)
             ... on level 10 of the Dungeon.
             The game lasted 00:23:21 (10508 turns).

LobsterGuardian the Carver (Coglin Berserker)      Turns: 10508, Time: 00:23:22

Health: -6/87      AC: 13    Str: 20    XL:     11   Next: 90%
Magic:  11/11      EV: 14    Int:  7    God:    Trog [****..]
Gold:   1007       SH:  0    Dex: 18    Spells: 10/10 levels left

rFire   x . .        y - +4 falchion (freeze) {Tejnoor}
rCold   . . .        d - +2 dagger (venom) {Nari}
rNeg    . . .        v - +3 ring mail {rPois}
rPois   +            c - +0 helmet
rElec   +            (no cloak)
rCorr   +            a - +2 pair of gloves of Inference {rElec rF- rCorr Str+3}
SInv    .            (no boots)
Will    ++...        (amulet unavailable)
Stlth   +            (ring unavailable)
HPRegen 1.34/turn    (ring unavailable)
MPRegen 0.12/turn    (no gizmo)

%: no passive effects
@: strong-willed, on berserk cooldown, regenerating, slowed, very slow
A: off-hand wielding, slow wielding, warmup strikes, no jewellery
a: Invent Gizmo, Renounce Religion, Berserk, Trog's Hand, Brothers in Arms


You were on level 10 of the Dungeon.
You worshipped Trog.
Trog was greatly pleased with you.
You visited 1 branch of the dungeon, and saw 10 of its levels.

You collected 1007 gold pieces.

Inventory:

Hand Weapons
 d - a +2 dagger of venom (offhand) {Nari}
 y - a +4 falchion of freezing (weapon) {Tejnoor}
Missiles
 q - a throwing net
Armour
 a - the +2 pair of gloves of Inference (worn) {rElec rF- rCorr Str+3}
   (You found it on level 10 of the Dungeon)

   Str+3:     It affects your strength (+3).
   rF-:       It makes you vulnerable to fire.
   rElec:     It insulates you from electricity.
   rCorr:     It protects you from acid and corrosion.
 c - a +0 helmet (worn)
 s - the -1 pair of gloves "Goesog" {rF+}
   (You found it on level 6 of the Dungeon)

   rF+:       It protects you from fire.
 v - a +3 ring mail of poison resistance (worn)
Wands
 l - a wand of polymorph (14)
 u - a wand of mindburst (11)
Scrolls
 b - a scroll of enchant weapon
 e - 2 scrolls of noise
 f - a scroll of vulnerability
 g - a scroll of amnesia
 j - 4 scrolls of teleportation
 n - a scroll of revelation
 o - 3 scrolls of poison
 p - a scroll of fog
 t - a scroll of identify
 w - a scroll of summoning {unknown}
Potions
 i - a potion of enlightenment
 r - 2 potions of heal wounds
Miscellaneous
 h - a box of beasts


   Skills:
 + Level 8.4 Fighting
 + Level 6.1(9.7) Short Blades
 + Level 12.8(13.4) Long Blades
 + Level 6.3 Armour
 * Level 6.5 Dodging


You had 10 spell levels left.
You didn't know any spells.
Your spell library was empty.

Dungeon Overview and Level Annotations

Branches:
Dungeon (10/15)            Temple (0/1) D:4            Lair (0/5) D:10
    Orc (0/2) D:9

Altars:
Ashenzari
Cheibriados
Nemelex Xobeh
Qazlal
Wu Jian
Yredelemnul
Lugonu

Shops:
D:9 !

Portals:
Abyss: D:5

Annotations:
D:5 2 runed translucent doors
D:10 3 runed translucent doors, ezpacito's ghost, journeyman CoCK


Innate Abilities, Weirdness & Mutations

You can wield a second weapon in your off-hand.
It takes a long time for you to wield or remove held weapons.
Your first few attacks do less damage.
You cannot equip rings or amulets.


Message History

You have turned to stone.
The basilisk gazes at you.
The cyclops hits you but does no damage.
The basilisk bites you! The cyclops completely misses you.
The basilisk gazes at you. You resist with some effort.
The cyclops hits you but does no damage.
The basilisk bites you! The basilisk completely misses you.
The cyclops hits you!!
You are no longer berserk.
You feel yourself slow down. The basilisk bites you! The cyclops hits you!!
The basilisk bites you but does no damage.
The basilisk bites you!
* * * LOW HITPOINT WARNING * * *
The cyclops hits you!
* * * LOW HITPOINT WARNING * * *
You turn to flesh and can move again.
Unknown command.
Unknown command.
Unknown command.
Unknown command.
Unknown command.
Okay, then.
Your skin crawls.
You feel strong-willed. Trog will no longer gift you weapons.
The basilisk closely misses you. The cyclops misses you.
The basilisk barely misses you.
Unknown command.
You fail to use your ability.
The basilisk closely misses you. The cyclops hits you!!
* * * LOW HITPOINT WARNING * * *
Unknown command.
Okay, then.
Unknown command.
As you read the scroll labelled DYNOWE VIAFAR, it crumbles to dust.
It is a scroll of enchant armour.
Your +2 ring mail of poison resistance glows green for a moment.
The basilisk bites you!
You die...

##..#####....#....###....
#..# #....#...##......
#..# #....#...#....#..
#..# #....#..##...##..
#..# #....#..#...###..
#..#####....#..#...# #..
#...........#.##..######
#......l....#.#.....)...
#......@C...#{+.........
#...........#.##########
#.......................
###.....................
#.....................
#.....................
#.....................
#........####....#####
#.... #....#


You could see a cyclops and a basilisk.

Vanquished Creatures
  A centaur warrior (D:10)
  A two-headed ogre (D:10)
  Lodul (D:10)
  A deep elf pyromancer (D:10)
  An unseen horror (D:10)
  Maggie (D:10)
  A gargoyle (D:10)
  An efreet (D:10)
  2 trolls
  2 hornets
  A wyvern (D:7)
  2 wraiths (D:10)
  A yak (D:10)
  A steam dragon (D:7)
  Menkaure (D:7)
  An acid dragon (D:10)
  9 orc warriors
  A black bear (D:5)
  An ice beast (D:6)
  A sky beast (D:7)
  2 wolves (D:10)
  14 ogres
  5 centaurs
  2 phantoms
  9 kobold brigands
  6 bullfrogs
  5 scorpions
  3 gnoll sergeants
  5 wights
  16 killer bees
  4 howler monkeys
  A crimson imp (D:10)
  4 hounds
  2 bombardier beetles
  4 orc priests
  A jelly (D:6)
  2 gnoll boudas
  2 sleepcaps
  Ijyb (D:3)
  2 iguanas
  11 orc wizards
  Robin (D:2)
  15 gnolls
  7 adders
  3 shadow imps
  4 white imps
  3 dart slugs
  2 ribbon worms
  37 orcs
  6 endoplasms
  6 giant cockroaches
  16 goblins
  12 hobgoblins
  7 jackals
  4 quokkas
  6 ball pythons
  6 bats
  A frilled lizard (D:3)
  26 kobolds
  2 rats
296 creatures vanquished.

Vanquished Creatures (collateral kills)
  2 slime creatures (D:10)
2 creatures vanquished.

Vanquished Creatures (others)
  An orc wizard (D:10)
1 creature vanquished.

Grand Total: 299 creatures vanquished

Notes
Turn   | Place    | Note
-------+----------+-------------------------------------------
     0 | D:1      | LobsterGuardian the Coglin Berserker began the quest for
                  | the Orb.
     0 | D:1      | Reached XP level 1. HP: 18/18 MP: 1/1
   118 | D:1      | Reached XP level 2. HP: 21/24 MP: 2/2
   358 | D:1      | Found a faded altar of an unknown god.
   602 | D:2      | Reached XP level 3. HP: 26/29 MP: 3/3
   742 | D:2      | Reached skill level 4 in Long Blades
   884 | D:2      | Noticed Robin
   890 | D:2      | Reached XP level 4. HP: 35/35 MP: 4/4
   895 | D:2      | Reached ** piety under Trog
   900 | D:2      | Killed Robin
  1639 | D:3      | Noticed a scorpion
  1645 | D:3      | Killed a scorpion
  1646 | D:3      | Reached skill level 1 in Short Blades
  1646 | D:3      | Reached XP level 5. HP: 41/41 MP: 5/5
  1795 | D:3      | Noticed Ijyb
  1815 | D:3      | Killed Ijyb
  1816 | D:3      | Reached skill level 5 in Long Blades
  1927 | D:3      | HP: 2/41 [gnoll/+0 spear (5)]
  2376 | D:3      | Reached XP level 6. HP: 42/48 MP: 6/6
  2821 | D:4      | Identified the +6 hand axe "Miryat" {protect, *Rage rPois
                  | Str+2 SInv}
  2876 | D:4      | You fall into a shaft and drop 3 floors!
  2902 | D:7      | Noticed a wyvern
  2907 | D:7      | Killed a wyvern
  2908 | D:7      | Reached skill level 6 in Long Blades
  2908 | D:7      | Reached XP level 7. HP: 54/54 MP: 7/7
  2951 | D:7      | Noticed Menkaure
  2956 | D:7      | Killed Menkaure
  3128 | D:6      | Reached skill level 7 in Long Blades
  3128 | D:6      | Reached XP level 8. HP: 60/60 MP: 8/8
  3382 | D:6      | Identified the -1 pair of gloves "Goesog" {rF+}
  3472 | D:6      | Identified the +1 leather armour of the Devil's Team {rC+
                  | rN+ Int+5}
  3926 | D:6      | Reached skill level 8 in Long Blades
  4299 | D:5      | Entered Level 5 of the Dungeon
  4476 | D:4      | Reached *** piety under Trog
  4555 | D:4      | Found a staircase to the Ecumenical Temple.
  4565 | D:4      | Reached skill level 5 in Fighting
  4583 | D:4      | Reached XP level 9. HP: 41/68 MP: 9/9
  5254 | D:5      | Reached skill level 9 in Long Blades
  5279 | D:5      | Found a broken altar of Ashenzari.
  5279 | D:5      | Found a basalt altar of Yredelemnul.
  5288 | D:5      | Found a faded altar of an unknown god.
  5290 | D:5      | Found a snail-covered altar of Cheibriados.
  5291 | D:5      | Found a stormy altar of Qazlal.
  5462 | D:5      | Found a large runed translucent door.
  5462 | D:5      | Found a large runed translucent door.
  5653 | D:5      | Found a one-way gate to the infinite horrors of the Abyss.
  5703 | D:5      | Found a corrupted altar of Lugonu.
  5873 | D:7      | Noticed a hornet
  5877 | D:7      | Killed a hornet
  5910 | D:7      | Found an ornate altar of the Wu Jian Council.
  5928 | D:7      | Reached skill level 10 in Long Blades
  5940 | D:7      | Found a sparkling altar of Nemelex Xobeh.
  7085 | D:8      | Reached **** piety under Trog
  7100 | D:8      | Reached XP level 10. HP: 51/76 MP: 10/10
  7660 | D:9      | Reached skill level 11 in Long Blades
  7983 | D:9      | Found a staircase to the Orcish Mines.
  8317 | D:9      | Reached skill level 5 in Dodging
  8318 | D:9      | Reached skill level 5 in Armour
  8575 | D:9      | Found Oxiym's Distillery.
  8649 | D:10     | Entered Level 10 of the Dungeon
  8672 | D:10     | Noticed Maggie
  8691 | D:10     | Killed Maggie
  8880 | D:10     | Reached skill level 5 in Short Blades
  8881 | D:10     | Reached XP level 11. HP: 6/84 MP: 11/11
  9174 | D:10     | Noticed a deep elf pyromancer
  9180 | D:10     | Killed a deep elf pyromancer
  9183 | D:10     | Reached skill level 12 in Long Blades
  9283 | D:10     | Noticed Lodul
  9291 | D:10     | Killed Lodul
  9503 | D:10     | Found a staircase to the Lair.
  9797 | D:10     | Identified the +2 pair of gloves of Inference {rElec rF-
                  | rCorr Str+3}
  9985 | D:10     | Noticed a two-headed ogre
  9990 | D:10     | Killed a two-headed ogre
 10102 | D:10     | Reached ***** piety under Trog
 10295 | D:10     | Noticed a centaur warrior
 10302 | D:10     | Killed a centaur warrior
 10471 | D:10     | Found a runed translucent gate.
 10471 | D:10     | Found a runed translucent gate.
 10471 | D:10     | Found a runed translucent gate.
 10472 | D:10     | Noticed ezpacito's ghost (journeyman CoCK)
 10489 | D:10     | Noticed a cyclops
 10507 | D:10     | HP: 2/87 [cyclops (21)]
 10508 | D:10     | Mangled by a basilisk

Illustrated notes

Levels and vault maps discovered:
D:1:      lemuel_arrival_rhombus, layout_basic,
          hellmonk_ecumenical_altar_leap_of_faith
D:2:      layout_basic, uniq_robin
D:3:      layout_loops_corners, uniq_ijyb
D:4:      layout_basic, minmay_temple_entry_statues_fountains
D:5:      due_chaos_kobolds, layout_rooms, chequers_temple_overflow_minitemple,
          corexii_checkpoint
D:6:      layout_gridville, nicolae_lava_and_water
D:7:      layout_rooms, jmf_multi_god_temple, uniq_menkaure
D:8:      layout_rooms
D:9:      layout_irregular_city, kennysheep_orc_monster_closet_entryway,
          serial_shops, shop
D:10:     minmay_quarter_circles, layout_irregular_city,
          erik_lair_orcish_takeover, gammafunk_ghost_nasty_kobolds,
          dk_noncrumbling_4, hangedman_stone_soup, hex_tiny, uniq_maggie,
          uniq_lodul

Skill      XL: |  1  2  3  4  5  6  7  8  9 10 11 |
---------------+----------------------------------+-----
Long Blades    | 4 5 6 7 8 10 11 12 | 12.8
Short Blades   | 1 2 3 4 5 6 |  6.1
Dodging        | 2 3 5 6 |  6.5
Armour         | 2 3 4 5 6 |  6.3
Fighting       | 4 5 7 8 |  8.4

Action                     |  1- 3 |  4- 6 |  7- 9 | 10-12 || total
---------------------------+-------+-------+-------+-------++-------
  Melee: Falchion          |    62 |    86 |   201 |    32 ||   381
         Dagger            |    51 |    82 |   241 |   292 ||   666
         Unarmed           |       |     7 |       |       ||     7
         Long sword        |       |       |    60 |   250 ||   310
         Scimitar          |       |       |       |    24 ||    24
 Invoke: Berserk           |     1 |     3 |    12 |    15 ||    31
         Trog's Hand       |       |       |       |     2 ||     2
         Brothers in Arms  |       |       |       |     1 ||     1
    Use: Scroll            |     3 |     2 |     5 |     3 ||    13
         Potion            |       |     1 |     3 |     2 ||     6
   Stab: Sleeping          |     2 |     1 |     1 |       ||     4
         Confused          |       |     1 |       |       ||     1
         Distracted        |       |     1 |       |       ||     1
         Invisible         |       |       |       |     2 ||     2
 Armour: Animal skin       |    36 |     6 |       |       ||    42
         Leather armour    |       |    47 |    91 |       ||   138
         Skin              |       |     2 |       |       ||     2
         Ring mail         |       |       |    25 |   193 ||   218
  Dodge: Dodged            |    48 |    50 |   133 |   156 ||   387

Table legend: (Time is in decaauts)
 A = Elapsed time spent in this place.
 B = Non-inter-level travel time spent in this place.
 C = Inter-level travel time spent in this place.
 D = Time resting spent in this place.
 E = Time spent auto-exploring this place.
 F = Levels seen in this place.
 G = Mean time per level.
                   A        B        C        D        E       F      G
               +--------+--------+--------+--------+--------+-----+--------+
         Total |  10580 |   9954 |    626 |    427 |   7976 |  10 | 1058.0 |
       Dungeon |  10580 |   9954 |    626 |    427 |   7976 |  10 | 1058.0 |
               +--------+--------+--------+--------+--------+-----+--------+

Top non-repeatable levels by time:
    D:10: 1825 daAuts
     D:6: 1335 daAuts
     D:7: 1142 daAuts
     D:9: 1118 daAuts
     D:3: 1076 daAuts
     D:2: 1050 daAuts
     D:4: 1017 daAuts
     D:5: 753 daAuts
     D:8: 693 daAuts
     D:1: 567 daAuts
